AoeStats
← Huehnchen3

Pilgrims

508947120Analyzed
2v2 RM · 8d ago on Sep 24, 2026· 70m 35s· 4 players
Game mode
Random Map
Map size
Medium (4 player)
Population
200
Speed
Normal
Resources
Standard
Victory
Conquest
Starting age
Dark Age
Ending age
Imperial Age
RankedLock teamsTeams togetherTeam positionsShared explorationLock speedFull tech treeHidden civsTurbo modeCheats
Victory
Defeat
🇩🇪 Lithuanians · Germany
1227
+15
🇩🇪 Hindustanis · Germany
1180
+17
🇬🇧 Danes · United Kingdom
1197
-16
🇬🇧 Franks · United Kingdom
1195
-16
jetjag
17:00 Feudal Age
17:42 Double-Bit Axe
22:26 Loom
24:34 Gold Mining
28:31 Castle Age
28:10 Stone Mining
29:09 Fishing Lines
37:09 Gillnets
56:00 Husbandry
61:44 Imperial Age
59:47 Light Cavalry
60:50 Scale Barding Armor
63:09 Pikeman
Balrog
11:16 Feudal Age
12:17 Double-Bit Axe
15:06 Castle Age
14:07 Fletching
15:51 Loom
16:16 Bodkin Arrow
18:06 Wheelbarrow
19:50 Bow Saw
20:30 Hand Cart
20:01 Town Watch
25:33 Horse Collar
29:54 Imperial Age
29:26 Ballistics
30:36 Elite Jomsviking
32:38 Chemistry
32:13 Conscription
32:30 Scale Mail Armor
32:41 Forging
37:03 Chain Mail Armor
38:42 Heavy Plow
40:01 Iron Casting
41:11 Hamask
41:26 Elite Longship
44:05 Plate Mail Armor
44:28 Bracer
45:24 Hoardings
45:03 Masonry
46:15 Blast Furnace
45:55 Pikeman
46:36 Squires
47:35 Halberdier
50:19 Elite Varangian Guard
58:54 Arson
65:40 Coinage
Huehnchen3
4:22 Loom
11:11 Feudal Age
13:56 Double-Bit Axe
14:41 Town Watch
16:29 Gold Mining
19:23 Castle Age
19:01 Fletching
19:19 Scale Barding Armor
19:26 Forging
21:05 Bow Saw
21:03 Husbandry
21:50 Bloodlines
22:39 Wheelbarrow
21:49 Horse Collar
24:21 Heavy Plow
27:56 Chain Barding Armor
28:51 Iron Casting
35:03 Bodkin Arrow
39:16 Imperial Age
37:29 Masonry
37:18 Murder Holes
38:16 Hand Cart
39:13 Coinage
39:20 Cavalier
40:40 Plate Barding Armor
42:20 Crop Rotation
43:54 Town Patrol
44:30 Banking
44:43 Paladin
48:11 Pikeman
48:52 Squires
48:38 Arson
48:54 Scale Mail Armor
49:01 Halberdier
50:19 Light Cavalry
51:49 Ballistics
52:29 Chemistry
52:03 Architecture
52:30 Chain Mail Armor
52:19 Winged Hussar
55:25 Conscription
55:07 Tower Shields
55:09 Padded Archer Armor
59:01 Caravan
61:19 Bracer
61:15 Stone Mining
65:39 Two-Man Saw
71:14 Leather Archer Armor
wasserk0cher
3:00 Loom
11:48 Feudal Age
12:55 Town Watch
13:40 Double-Bit Axe
17:33 Fletching
19:45 Castle Age
21:08 Wheelbarrow
20:49 Pikeman
21:52 Medium Warships
24:34 Bodkin Arrow
25:44 Stone Mining
25:45 Gold Mining
28:09 Bloodlines
33:15 Imperial Age
32:25 Husbandry
32:31 Scale Barding Armor
34:53 Heavy Camel Rider
39:22 Gold Shaft Mining
39:55 Conscription
43:05 Forging
44:43 Careening
44:48 Clinker Construction
46:34 Hand Cart
47:48 Chain Barding Armor
48:04 Iron Casting
47:58 Scale Mail Armor
47:59 Bracer
52:41 Heavy Warships
52:45 Conscription
54:47 Fishing Lines
55:05 Elite Ghulam
57:18 Imperial Camel Rider
58:24 Chain Mail Armor
59:49 Caravan
61:26 Ballistics
61:02 Murder Holes
69:43 Blast Furnace
69:21 Plate Barding Armor
70:26 Gillnets
70:51 Masonry
71:41 Chemistry
Connection lost

Rejoining the realm…

Still unreachable

The connection could not be restored.

Session expired

The server has moved on; the page needs a fresh start.